 Dungeon Crawl Stone Soup version 0.19.0-22-gd96e5fe (webtiles) character file.

13123 grisgris the Peltast (level 11, -17/97 HPs)
             Began as a Minotaur Fighter on Nov 19, 2016.
             Was an Elder of Qazlal.
             Demolished by a large abomination (23 damage)
             ... on level 2 of the Abyss.
             The game lasted 00:34:12 (9178 turns).

grisgris the Peltast (Minotaur Fighter)             Turns: 9178, Time: 00:34:13

Health: -17/97     AC: 25    Str: 32    XL:     11   Next: 71%
Magic:  11/11      EV:  8    Int:  5    God:    Qazlal [****..]
Gold:   618        SH: 22    Dex:  9    Spells: 0 memorised, 10 levels left

rFire  . . .     SeeInvis .     i - +3 whip (freeze)
rCold  + . .     Gourm    .     m - +0 crystal plate armour
rNeg   . . .     Faith    +     c - +2 shield
rPois  .         Spirit   .     p - +2 hat
rElec  .         Reflect  .     B - +1 cloak of Anarchy {+Blink}
rCorr  .         Harm     .     (no gloves)
MR     .....                    (no boots)
Stlth  ..........               l - amulet of faith
                                s - +3 ring of strength
                                t - ring of Isoqoxtu {rC+ Str+4}

@: non-regenerating, diseased, studying 2 skills, repel missiles
A: retaliatory headbutt, horns 2
a: Upheaval, Elemental Force, Renounce Religion, Evoke Blink


You were on level 2 of the Abyss.
You worshipped Qazlal.
Qazlal was greatly pleased with you.
You were not hungry.

You visited 3 branches of the dungeon, and saw 11 of its levels.
You visited the Abyss 1 time.
You also visited: Bailey.

You collected 618 gold pieces.

Inventory:

Hand Weapons
 i - a +3 whip of freezing (weapon)
Armour
 c - a +2 shield (worn)
 m - a +0 crystal plate armour (worn)
 p - a +2 hat (worn)
 B - the +1 cloak of Anarchy (worn) {+Blink}
   (You found it on level 7 of the Dungeon)

   It lets you blink.
Jewellery
 a - an uncursed ring of protection from fire
 j - an uncursed ring of fire
 l - an amulet of faith (around neck)
 n - an uncursed amulet of regeneration
 s - a +3 ring of strength (right hand)
 t - the ring of Isoqoxtu (left hand) {rC+ Str+4}
   (You found it on level 1 of the Lair of Beasts)

   [ring of strength]

   It affects your strength (+4).
   It protects you from cold.
 y - an uncursed amulet of guardian spirit {unknown}
Wands
 k - a wand of lightning (3/15)
 w - a wand of lightning (4/15)
Scrolls
 e - 4 scrolls of teleportation
 g - 3 scrolls of identify
 v - a scroll of remove curse
Potions
 b - a potion of magic
 d - a potion of cure mutation
Books
 h - a manual of Shields
 o - a manual of Fighting
 u - a book of Cantrips

   Spells                             Type                      Level
   a - Confusing Touch                Hexes                        1
   b - Animate Skeleton               Necromancy                   1
   c - Summon Small Mammal            Summoning                    1
   d - Apportation                    Translocation                1
Comestibles
 f - 6 bread rations
 r - 4 fruits
 x - a beef jerky
 z - a meat ration


   Skills:
 + Level 9.2 Fighting
 + Level 11.5 Maces & Flails
 + Level 10.7 Armour
 + Level 3.8 Dodging
 + Level 15.9 Shields
 * Level 1.9 Invocations


You had 10 spell levels left.
You didn't know any spells.

Dungeon Overview and Level Annotations

Branches:
Dungeon (8/15)             Temple (1/1) D:7            Lair (2/6) D:8
  Snake (0/4) Lair:2
  Swamp: Lair:2-4    Shoals: Lair:2-4

Altars:
Ashenzari
Cheibriados
Dithmenos
Elyvilon
Fedhas
Gozag
Hepliaklqana
Kikubaaqudgha
Makhleb
Nemelex Xobeh
Okawaru
Qazlal
Ru
Sif Muna
Trog
Uskayaw
Vehumet
Xom
Yredelemnul
Zin
The Shining One

Annotations:
Lair:2 Sonja


Innate Abilities, Weirdness & Mutations

You reflexively headbutt those who attack you in melee.
You have a pair of horns on your head.


Message History

* * * LOW HITPOINT WARNING * * *
The raiju blinks!
You block the ancient zyme's attack. The ancient zyme hits you.
* * * LOW HITPOINT WARNING * * *
Unknown command.
You block the raiju's attack.
You feel ill.
You hear a hideous shriek!
You hear a shout!
You hear a croak.
You hear a loud, deep croak!
As you read the scroll of fear, it crumbles to dust.
You assume a fearsome visage.
The raiju looks frightened!
The ancient zyme is unaffected.
You block the ancient zyme's attack. x2
You feel ill.
The ancient zyme hits you but does no damage.
You block the ancient zyme's attack.
A kobold demonologist comes into view. It is wielding a dagger.
The kobold demonologist shouts!
You block the ancient zyme's attack. x2
You block the large abomination's attack.
The kobold demonologist looks sick.
The large abomination hits you!!
You die...

# .. ... #. . .
#.## .... #h.####
.... #...####....
#....#..##...#
##.# ##xX§K# . #
. #.@#..# #.
##.##.....# # #
.# . .###.#..# #
... ....##..# ##
..##.#.#......###
# .#... # # ##
.#. # .. #..# .
#.#.#.#..# # #
.....#. . ##
#.##.#.#...# .
.....## .#
.###.....#


You could see an ancient zyme, a large abomination and a kobold demonologist.

Vanquished Creatures
  A hydra (Lair:1)
  The ghost of feelmyfire the Infuser, a journeyman DECj of Vehumet (Lair:1)
  The ghost of p0werm0de the Martial Artist, a novice OpMo of Ru (D:7)
  A rime drake (Lair:1)
  8 polar bears (Lair:1)
  Grinder (D:4)
  5 blink frogs (Lair:1)
  2 hippogriffs
  Sigmund (D:4)
  6 yaks (Lair:1)
  Eustachio (D:6)
  A hungry ghost (D:8)
  Menkaure (D:5)
  2 large abominations (Abyss:2)
  3 porcupines (Lair:1)
  2 water moccasins (Lair:1)
  An ice beast (D:5)
  13 orc warriors
  9 black bears (Lair:1)
  3 phantoms
  3 ogres (D:8)
  9 centaurs
  3 crocodiles (Lair:1)
  5 bullfrogs
  A scorpion (D:5)
  2 electric eels (Lair:1)
  3 wights (D:7)
  3 howler monkeys
  4 crimson imps
  A bullfrog zombie (D:7)
  2 quasits
  4 hounds
  2 jellies
  5 orc priests
  6 orc wizards
  An iron imp (D:5)
  An iguana (D:7)
  3 worker ants (D:5)
  2 hound skeletons (D:8)
  Robin (D:2)
  A worker ant zombie (D:5)
  8 adders
  A shadow imp (D:7)
  2 oozes
  5 worms
  A dart slug (D:1)
  3 leopard geckos
  38 orcs
  5 giant cockroaches
  14 goblins
  8 hobgoblins
  15 jackals
  6 quokkas
  2 ball pythons
  7 bats
  7 frilled lizards
  3 goblin skeletons (D:5)
  A goblin zombie (D:5)
  2 hobgoblin zombies
  11 kobolds
  2 kobold zombies (D:5)
  A leopard gecko zombie (D:7)
  An orc skeleton (D:5)
  An orc zombie (D:5)
  A quokka skeleton (D:4)
  A quokka zombie (D:7)
  5 rats
  A fungus (D:1)
  2 plants (Lair:1)
279 creatures vanquished.

Vanquished Creatures (others)
  A leopard gecko (D:6)
  A fungus (Lair:1)
  A plant (Lair:1)
3 creatures vanquished.

Grand Total: 282 creatures vanquished

Notes
Turn   | Place    | Note
-------+----------+-------------------------------------------
     0 | D:1      | grisgris the Minotaur Fighter began the quest for the Orb.
     0 | D:1      | Reached XP level 1. HP: 19/19 MP: 0/0
   124 | D:1      | Reached XP level 2. HP: 25/27 MP: 1/1
   288 | D:1      | Reached XP level 3. HP: 26/33 MP: 2/2
   561 | D:2      | Noticed Robin
   586 | D:2      | Killed Robin
   586 | D:2      | Reached skill level 4 in Shields
   724 | D:2      | Reached XP level 4. HP: 35/41 MP: 3/3
  1031 | D:2      | Found a faded altar of an unknown god.
  1466 | D:3      | Found a shimmering altar of Xom.
  1855 | D:4      | Noticed Grinder
  1865 | D:4      | Reached XP level 5. HP: 37/47 MP: 4/4
  1877 | D:4      | Paralysed by Grinder for 6 turns
  1898 | D:4      | Paralysed by Grinder for 7 turns
  1916 | D:4      | Killed Grinder
  1916 | D:4      | Reached skill level 5 in Maces & Flails
  1916 | D:4      | Reached skill level 5 in Armour
  1916 | D:4      | Reached skill level 1 in Dodging
  1916 | D:4      | Reached skill level 5 in Shields
  1916 | D:4      | Reached XP level 6. HP: 43/53 MP: 5/5
  2020 | D:4      | Noticed Sigmund
  2026 | D:4      | Killed Sigmund
  2026 | D:4      | Reached XP level 7. HP: 46/60 MP: 6/6
  2214 | D:4      | Reached skill level 5 in Fighting
  2944 | D:5      | Entered Level 5 of the Dungeon
  2962 | D:5      | Reached skill level 6 in Shields
  3118 | D:5      | Found a glowing golden altar of the Shining One.
  3134 | D:5      | Noticed Menkaure
  3142 | D:5      | Killed Menkaure
  3142 | D:5      | Reached XP level 8. HP: 58/68 MP: 7/7
  3391 | D:5      | Reached skill level 7 in Shields
  3845 | D:6      | Noticed Eustachio
  3857 | D:6      | Reached skill level 8 in Shields
  3879 | D:6      | Killed Eustachio
  3929 | D:6      | Found a white marble altar of Elyvilon.
  4236 | D:7      | Reached XP level 9. HP: 64/75 MP: 8/8
  4338 | D:7      | Noticed p0werm0de's ghost (novice OpMo)
  4364 | D:7      | Killed p0werm0de's ghost
  4364 | D:7      | Reached skill level 9 in Shields
  4504 | D:7      | Got a faintly glowing cloak
  4510 | D:7      | Identified the +1 cloak of Anarchy {+Blink} (You found it on level 7 of the Dungeon)
  4564 | D:7      | Found a staircase to the Ecumenical Temple.
  4582 | Temple   | Entered the Ecumenical Temple
  4677 | Temple   | Became a worshipper of Qazlal Stormbringer
  4885 | D:7      | Reached skill level 10 in Shields
  5383 | D:8      | Found a staircase to the Lair.
  5460 | D:8      | Reached * piety under Qazlal
  5661 | D:8      | Found a flagged portal.
  5671 | Bailey   | Entered a bailey
  5707 | Bailey   | Reached XP level 10. HP: 67/84 MP: 9/9
  5732 | Bailey   | Reached ** piety under Qazlal
  5936 | Bailey   | Reached skill level 11 in Shields
  6931 | D:8      | Reached skill level 10 in Maces & Flails
  6931 | D:8      | Reached skill level 12 in Shields
  6985 | D:8      | Reached *** piety under Qazlal
  7188 | Lair:1   | Entered Level 1 of the Lair of Beasts
  7188 | Lair:1   | Noticed feelmyfire's ghost (journeyman DECj)
  7269 | Lair:1   | Killed feelmyfire's ghost
  7366 | Lair:1   | Got a twitching pewter ring
  7445 | Lair:1   | Reached skill level 13 in Shields
  7569 | Lair:1   | Reached XP level 11. HP: 84/94 MP: 10/10
  7575 | Lair:1   | Reached skill level 10 in Armour
  7583 | Lair:1   | Reached skill level 14 in Shields
  7598 | Lair:1   | Noticed a six-headed hydra
  7614 | Lair:1   | Killed a six-headed hydra
  7760 | Lair:1   | Identified the ring of Isoqoxtu {rC+ Str+4} (You found it on level 1 of the Lair of Beasts)
  8278 | Lair:1   | Reached **** piety under Qazlal
  8278 | Lair:1   | Reached skill level 15 in Shields
  8712 | Lair:2   | Noticed Sonja
  8724 | Lair:2   | Found a staircase to the Snake Pit.
  8740 | Lair:1   | Reached skill level 1 in Invocations
  9075 | Lair:2   | Cast into level 2 of the Abyss (Sonja)
  9075 | Abyss:2  | Found a sacrificial altar of Ru.
  9178 | Abyss:2  | Demolished by a large abomination

Skill      XL: |  1  2  3  4  5  6  7  8  9 10 11 |
---------------+----------------------------------+-----
Fighting       | 4 5 6 7 9 |  9.2
Armour         | 4 5 6 7 8 9 10 | 10.7
Maces & Flails | 3 4 5 6 8 9 10 11 | 11.5
Shields        | 4 5 6 8 10 13 15 | 15.9
Dodging        | 1 2 3 |  3.8
Invocations    | 1 |  1.9

Action                   |  1- 3 |  4- 6 |  7- 9 | 10-12 || total
-------------------------+-------+-------+-------+-------++-------
Melee: Flail             |   104 |       |       |       ||   104
       Headbutt          |    10 |    18 |   129 |   159 ||   316
       Whip              |    13 |   113 |   613 |   639 ||  1378
Evoke: Wand              |       |       |       |     2 ||     2
  Use: Potion            |     1 |       |     5 |     5 ||    11
       Scroll            |       |     7 |    12 |     9 ||    28
  Eat: Chunk             |       |     2 |     7 |     8 ||    17
       Bread ration      |       |       |     1 |       ||     1
       Fruit             |       |       |     2 |     2 ||     4
       Meat ration       |       |       |     1 |       ||     1
Armor: Scale mail        |    49 |    34 |    47 |       ||   130
       Chain mail        |       |       |    55 |    20 ||    75
       Crystal plate arm |       |       |       |   200 ||   200
Dodge: Dodged            |    48 |    20 |    93 |    99 ||   260
       Deflected         |       |       |       |     1 ||     1
Block: Shield            |    67 |    51 |   303 |   533 ||   954
